 Dungeon Crawl Stone Soup version 0.29-a0-8-g0446c0dae4 (webtiles) character file.

Game seed: 2183394939782767769

140 croobank the Firebug (level 5, -2/57 HPs)
             Began as a Draconian Fire Elementalist on Jan 27, 2022.
             Slain by Pikel (7 damage)
             ... on level 4 of the Dungeon.
             The game lasted 00:12:23 (3255 turns).

croobank the Firebug (Draconian Fire Elementalist)  Turns: 3255, Time: 00:12:24

Health: -2/57      AC: 22    Str: 10    XL:     5   Next: 2%
Magic:  9/9        EV:  2    Int: 17    God:
Gold:   58         SH:  0    Dex: 12    Spells: 6/9 levels left

rFire   . . .      SeeInvis .   a - +1 club (spect)
rCold   . . .      Faith    .   (no shield)
rNeg    . . .      Spirit   .   (armour unavailable)
rPois   +          Reflect  .   (helmet currently unavailable)
rElec   .          Harm     .   (cloak currently unavailable)
rCorr   .          Rampage  .   (gloves currently unavailable)
Will    .....      NoTele   +   (boots currently unavailable)
Stlth   ++........              (no amulet)
HPRegen 0.19/turn               (no ring)
MPRegen 0.11/turn               (no ring)

@: tree-form
A: stationary, stasis, torment immunity, boosted hp, AC +5, unfitting armour,
(cold-blooded)
a: no special abilities


You were on level 4 of the Dungeon.
You were a tree.
You visited 1 branch of the dungeon, and saw 4 of its levels.

You collected 86 gold pieces.
You spent 28 gold pieces at shops.

Inventory:

Hand Weapons
 a - a +1 spectral club (weapon)
 b - the +4 hunting sling of Ravage {venom, Int+3}
   (You found it on level 2 of the Dungeon)

   Any ammunition fired from it poisons the flesh of those it strikes.
   Int:       It affects your intelligence (+3).
 f - a +0 short sword
 o - a +0 whip
Missiles
 e - 33 arrows
 g - 51 stones
 j - 43 sling bullets
Armour
 c - a +1 pair of boots (melded)
Wands
 n - a wand of mindburst (5)
Scrolls
 k - 2 scrolls of brand weapon
Potions
 d - a potion of resistance {unknown}
 h - a potion of might {unknown}
 i - a potion of flight
 l - a potion of mutation {unknown}
 m - 2 potions of heal wounds {unknown}
 p - a potion of attraction {unknown}


   Skills:
 + Level 1.1 Slings
 + Level 2.5 Dodging
 + Level 2.6 Stealth
 + Level 2.7 Spellcasting
 + Level 2.0 Conjurations
 + Level 3.6 Fire Magic


You had 6 spell levels left.
You knew the following spells:

 Your Spells              Type           Power      Damage    Failure   Level
a - Foxfire               Conj/Fire      48%        2x1d6     5%          1
b - Scorch                Fire           28%        2d6       6%          2

Your spell library contained the following spells:

 Spells                   Type           Power      Damage    Failure   Level
 Conjure Flame            Conj/Fire      12%        6-21      17%         3
 Inner Flame              Hex/Fire       8%         N/A       26%         3
 Dazzling Flash           Conj/Hex       10%        N/A       34%         3
 Flame Wave               Conj/Fire      12%        2d6       50%         4
 Iskenderun's Mystic Bla  Conj/Tloc      5%         2d3       75%         4
 Starburst                Conj/Fire      6%         6d4       100%        6


Dungeon Overview and Level Annotations

Branches:
Dungeon (4/15)
 Temple: D:4-7

Altars:

Shops:
D:3 *

Annotations:
D:4 Pikel


Innate Abilities, Weirdness & Mutations

You are a tree.
Your roots penetrate the ground, keeping you stationary.
You cannot be teleported.
You are immune to unholy pain and torment.
Your maximum health is greatly increased.
Your equipment is partially melded.
((Your plain brown scales are hard. (AC +5)))
You cannot fit into any form of body armour.
((You are cold-blooded and may be slowed by cold attacks.))


Message History

The foxfire hits the lemure.
The lemure is moderately wounded.
Found 14 gold pieces.
The lemure hits you but does no damage.
Pikel hits you with a +2 whip of freezing.
Pikel freezes you.
There is an open door here.
You closely miss Pikel. The lemure misses you. x2
Pikel hits you but does no damage. The lemure hits you!
The lemure barely misses you.
You hit Pikel but do no damage. You tail-slap Pikel, but do no damage.
Pikel hits you with a +2 whip of freezing.
You feel yourself slow down. Pikel freezes you.
The lemure hits you but does no damage. The lemure misses you.
You closely miss Pikel. You tail-slap Pikel.
Pikel is lightly wounded.
You feel yourself speed up.
Pikel hits you with a +2 whip of freezing.
Pikel freezes you. The lemure hits you.
* * * LOW HITPOINT WARNING * * *
The lemure hits you.
* * * LOW HITPOINT WARNING * * *
Pikel hits you but does no damage. The lemure hits you but does no damage.
The lemure closely misses you.
Pikel zaps a wand.
You turn into a tree.
Your +1 pair of boots melds into your body.
Your roots penetrate the ground.
You hit the lemure but do no damage.
The lemure is heavily wounded.
Your +1 spectral club hits the lemure.
The lemure hits your +1 spectral club but does no damage.
You barely miss Pikel.
Pikel is lightly wounded.
The lemure barely misses your +1 spectral club.
Pikel says, "Hell isn't that bad."
Pikel hits you but does no damage.
The lemure hits your +1 spectral club.
Your spectral weapon shares its damage with you!
* * * LOW HITPOINT WARNING * * *
It was a potion of flight.
Your roots keep you in place.
Pikel hits you with a +2 whip of freezing!
You die...

#... #...
#.. #..
#.####
#....#
######....#
#[.55K5...#
#....#♣§..#
#...5#....#
#...$#....#
###########


You could see Pikel and 3 lemures.

Vanquished Creatures
  Ijyb (D:3)
  4 gnolls (D:3)
  A white imp (D:3)
  3 worms
  5 orcs (D:3)
  An endoplasm (D:1)
  A giant cockroach (D:3)
  3 goblins
  6 hobgoblins
  7 jackals (D:1)
  6 quokkas
  3 ball pythons
  4 bats
  3 frilled lizards
  3 kobolds
  2 rats
53 creatures vanquished.

Vanquished Creatures (others)
  64 foxfires
64 creatures vanquished.

Grand Total: 117 creatures vanquished

Notes
Turn   | Place    | Note
-------+----------+-------------------------------------------
     0 | D:1      | croobank the Draconian Fire Elementalist began the quest
                  | for the Orb.
     0 | D:1      | Reached XP level 1. HP: 14/14 MP: 3/3
   270 | D:1      | Reached XP level 2. HP: 16/20 MP: 1/5
   310 | D:1      | HP: 1/20 [jackal (1)]
   645 | D:1      | Learned a level 2 spell: Scorch
  1140 | D:1      | Found a faded altar of an unknown god.
  1578 | D:2      | Reached XP level 3. HP: 26/26 MP: 0/6
  1612 | D:2      | Identified the +4 hunting sling of Ravage {venom, Int+3}
  2257 | D:3      | Noticed Ijyb
  2261 | D:3      | Killed Ijyb
  2262 | D:3      | Reached XP level 4. HP: 24/33 MP: 2/7
  2308 | D:3      | Reached skill level 1 in Slings
  2639 | D:3      | Found Omit's General Store.
  2648 | D:3      | Bought a scroll of identify for 28 gold pieces
  3000 | D:3      | Reached XP level 5. HP: 38/38 MP: 9/9
  3243 | D:4      | Noticed Pikel
  3243 | D:4      | Noticed a lemure
  3243 | D:4      | Noticed a lemure
  3245 | D:4      | Noticed a lemure
  3246 | D:4      | Noticed a lemure
  3255 | D:4      | Slain by Pikel

Illustrated notes

Levels and vault maps discovered:
D:1:      mainiacjoe_arrival_reflecting_pool, layout_rooms,
          shapermc_ecumenical_altar_starsandcircs
D:2:      layout_loops_ring, nicolae_figureground_sparkle
D:3:      layout_loops_cross, serial_shops, nicolae_shop_crystal, uniq_ijyb
D:4:      layout_basic, nicolae_overflow_hidden_temple,
          minmay_temple_entry_tees, uniq_robin, uniq_edmund, uniq_pikel,
          uniq_eustachio

Skill      XL: |  1  2  3  4 |
---------------+-------------+-----
Stealth        | 2 |  2.6
Dodging        | 2 |  2.5
Slings         | 1 |  1.1
Conjurations   | 2 |  2.0
Spellcasting   | |  2.7
Fire Magic     | |  3.6

Action                   |  1- 3 |  4- 6 || total
-------------------------+-------+-------++-------
Melee: Unarmed           |     6 |       ||     6
       Whip              |    25 |       ||    25
       Tailslap          |     6 |    10 ||    16
       Short sword       |    20 |       ||    20
       Club              |       |    41 ||    41
 Fire: Hunting sling     |    13 |     4 ||    17
 Cast: Foxfire           |    34 |     6 ||    40
       Scorch            |     7 |     3 ||    10
  Use: Potion            |     1 |     1 ||     2
       Scroll            |       |     3 ||     3
 Stab: Sleeping          |       |     1 ||     1
Armor: Skin              |    18 |    22 ||    40
Dodge: Dodged            |    77 |    35 ||   112

Table legend: (Time is in decaauts)
 A = Elapsed time spent in this place.
 B = Non-inter-level travel time spent in this place.
 C = Inter-level travel time spent in this place.
 D = Time resting spent in this place.
 E = Time spent auto-exploring this place.
 F = Levels seen in this place.
 G = Mean time per level.
                   A        B        C        D        E       F      G
               +--------+--------+--------+--------+--------+-----+--------+
         Total |   3271 |   3212 |     59 |    777 |   1920 |   4 |  817.8 |
       Dungeon |   3271 |   3212 |     59 |    777 |   1920 |   4 |  817.8 |
               +--------+--------+--------+--------+--------+-----+--------+

Top non-repeatable levels by time:
     D:1: 1217 daAuts
     D:3: 1065 daAuts
     D:2: 974 daAuts
     D:4: 14 daAuts
